 Dungeon Crawl Stone Soup version 0.18.1-48-g4cf74bf (webtiles) character file.

50 Gargoyl the Skirmisher (level 3, -9/30 HPs)
             Began as a Demonspawn Abyssal Knight on Aug 21, 2016.
             Was a Follower of Lugonu.
             Mangled by a gnoll
             ... wielding a +0 flail
              (11 damage)
             ... on level 1 of the Dungeon.
             The game lasted 00:02:06 (1344 turns).

Gargoyl the Skirmisher (Demonspawn Abyssal Knight)  Turns: 1344, Time: 00:02:07

Health: -9/30      AC:  6    Str: 13    XL:     3   Next: 55%
Magic:  4/4        EV: 10    Int: 13    God:    Lugonu [*.....]
Gold:   52         SH:  0    Dex: 12    Spells: 0 memorised, 2 levels left

rFire  . . .     SeeInvis .     a - +1 hand axe
rCold  . . .     Gourm    .     e - +0 ring mail
rNeg   . . .     Faith    .     (no shield)
rPois  .         Spirit   .     (helmet restricted)
rElec  .         Dismiss  .     (no cloak)
rCorr  .         Reflect  .     (no gloves)
SustAt +         Harm     .     i - +0 pair of boots (curse)
MR     .....                    (no amulet)
Stlth  +.........               (no ring)
                                l - ring of sustain attributes

@: not resistant to hostile enchantments, very unstealthy
A: horns 2
a: Depart the Abyss, Renounce Religion


You were on level 1 of the Dungeon.
You worshipped Lugonu.
Lugonu was aware of your devotion.
You were hungry.

You visited 1 branch of the dungeon, and saw 2 of its levels.
You visited the Abyss 1 time.

You collected 52 gold pieces.

Inventory:

Hand Weapons
 a - a +1 hand axe (weapon)
 b - a +0 spear
Armour
 e - a +0 ring mail (worn)
 i - a cursed +0 pair of boots (worn)
Jewellery
 l - a ring of sustain attributes (left hand)
 p - an uncursed ring of stealth {unknown}
Scrolls
 d - 2 scrolls of identify {unknown}
 g - a scroll of blinking {unknown}
 j - a scroll of fog {unknown}
 m - a scroll of remove curse {unknown}
 o - 3 scrolls of teleportation {unknown}
Potions
 f - 2 potions of curing {unknown}
 h - a potion of agility {unknown}
 k - a potion of heal wounds {unknown}
Comestibles
 c - a bread ration
 n - a meat ration


   Skills:
 + Level 3.7 Fighting
 + Level 2.0 Axes
 * Level 2.5 Armour
 + Level 1.1 Dodging
 + Level 0.2 Stealth
 + Level 2.5 Invocations


You had 2 spell levels left.
You didn't know any spells.

Dungeon Overview and Level Annotations

Branches:
Dungeon (2/15)

Altars:
Nemelex Xobeh


Innate Abilities, Weirdness & Mutations

You have a pair of horns on your head.


Message History

The gnoll is severely wounded.
You barely miss the gnoll.
The gnoll is moderately wounded.
The gnoll barely misses you. The gnoll hits you with a flail.
You hit the gnoll. Your headbutt misses the gnoll.
The gnoll is almost dead.
You hit the gnoll but do no damage.
The gnoll is moderately wounded.
The gnoll hits you with a spear. The gnoll hits you with a flail!
* * * LOW HITPOINT WARNING * * *
Unknown command.
Unknown command.
You barely miss the gnoll.
The gnoll is almost dead.
You hit the gnoll but do no damage.
The gnoll is moderately wounded.
The gnoll hits you with a spear.
* * * LOW HITPOINT WARNING * * *
The gnoll hits you with a flail!
You die...

#.......# #.# #.......# ##.#
#.......# #..# #.......# #.##
####.#### #.# ###.##### #.#
#..)....# #.# #...###.# #.#######
##..####.# #Sg@g..># ###
.......#.#####.#####.###.########
#...#.....§§)...).##.##..........
#.....###'''#####.##.###.########
#.#..##.§§§§§.###.##.# #.#
#.##.#...§§§§..#.....# #.#
#.##.#...§§§§..##.#.####.##
#....##...#...###.#.###.#.## ###
##########'#### ####...###.# #..


You could see 2 gnolls and an adder.

Vanquished Creatures
  An adder (D:1)
  A gnoll (D:1)
  An ooze (D:1)
  A giant gecko (D:1)
  5 bats (D:1)
  2 goblins (D:1)
  5 hobgoblins (D:1)
  2 jackals (D:1)
  A quokka (D:2)
  2 giant newts (D:1)
  2 kobolds (D:1)
  A rat (D:1)
24 creatures vanquished.

Notes
Turn   | Place    | Note
--------------------------------------------------------------
     0 | Abyss:1  | Gargoyl the Demonspawn Abyssal Knight began the quest for the Orb.
     0 | Abyss:1  | Reached XP level 1. HP: 18/18 MP: 2/2
    25 | Abyss:1  | Noticed a smoke demon
    30 | Abyss:1  | Found a corrupted altar of Lugonu.
    39 | D:1      | Escaped the Abyss
    90 | D:1      | Reached * piety under Lugonu
    90 | D:1      | Gained mutation: You have a pair of small horns on your head. [demonic ancestry]
    90 | D:1      | Reached XP level 2. HP: 10/24 MP: 3/3
   591 | D:1      | Found a sparkling altar of Nemelex Xobeh.
   759 | D:1      | Gained mutation: You have a pair of horns on your head. [demonic ancestry]
   759 | D:1      | Reached XP level 3. HP: 29/29 MP: 4/4
   852 | D:1      | Reached skill level 1 in Dodging
  1344 | D:1      | Mangled by a gnoll

Skill      XL: |  1  2  3 |
---------------+----------+-----
Axes           | 2 |  2.0
Armour         | 2 |  2.5
Dodging        | 1 |  1.1
Fighting       | |  3.7
Stealth        | |  0.2
Invocations    | |  2.5

Action                   || total
-------------------------++-------
Melee: Hand axe          ||    67
       Headbutt          ||     7
Invok: Depart the Abyss  ||     1
  Eat: Chunk             ||     1
Armor: Ring mail         ||    46
Dodge: Dodged            ||    75
